 Dungeon Crawl Stone Soup version 0.18.1-8-gdd0e5ea (webtiles) character file.

39 zeroDi the Sneak (level 3, 0/18 HPs)
             Began as a Vine Stalker Assassin on May 21, 2016.
             Succumbed to an adder's poison
             ... on level 2 of the Dungeon.
             The game lasted 00:02:38 (1153 turns).

zeroDi the Sneak (Vine Stalker Assassin)            Turns: 1153, Time: 00:02:38

Health: 0/18       AC:  3    Str: 11 (13) XL:     3   Next: 47%
Magic:  3/4        EV: 11    Int:  8 (11) God:
Gold:   69         SH:  0    Dex: 13 (16) Spells: 0 memorised, 2 levels left

rFire  . . .     SeeInvis .     a - +2 short sword (holy)
rCold  . . .     Gourm    .     c - +0 robe
rNeg   . . .     Faith    .     (no shield)
rPois  .         Spirit   +     (no helmet)
rElec  .         Dismiss  .     d - +0 cloak
rCorr  .         Reflect  .     (no gloves)
SustAt .         Harm     .     (no boots)
MR     .....                    (no amulet)
Stlth  +++.......               (no ring)
                                (no ring)

@: lethally poisoned (0 -> -2), very slightly contaminated, invisible, not
resistant to hostile enchantments, fairly stealthy
A: fangs 2, regeneration 1, magic shield, antimagic bite, no device heal 3, rot
immunity
a: no special abilities


You were on level 2 of the Dungeon.
You were not hungry.

You visited 1 branch of the dungeon, and saw 2 of its levels.

You collected 69 gold pieces.


Innate Abilities, Weirdness & Mutations

You have extremely sharp teeth.
Your natural rate of healing is unusually fast.
When hurt, damage is shared between your health and your magic reserves.
Your bite disrupts and absorbs the magic of your enemies.
Potions and wands cannot restore your health.
You are immune to rotting.


   Skills:
 - Level 1.7 Fighting
 + Level 3.3 Short Blades
 - Level 1.7 Throwing
 - Level 0.7 Dodging
 - Level 4.8 Stealth


You had 2 spell levels left.
You didn't know any spells.

Inventory:

Hand Weapons
 a - a +2 short sword of holy wrath (weapon)
 b - a +0 blowgun
 s - a +2 dagger
Missiles
 e - 20 poisoned needles
 f - 2 curare-tipped needles {=f}
Armour
 c - a +0 robe (worn)
 d - a +0 cloak (worn)
Jewellery
 m - an uncursed ring of sustain attributes {unknown}
 t - a cursed ring of loudness {unknown}
Scrolls
 k - 2 scrolls of identify {unknown}
 l - a scroll of recharging
 n - a scroll of noise {unknown}
 o - a scroll of remove curse
 p - a scroll of blinking {unknown}
Comestibles
 g - 2 bread rations
 i - a beef jerky
 j - a chunk of flesh
 r - a meat ration

Dungeon Overview and Level Annotations

Branches:
Dungeon (2/15)

Altars:
Zin

.............$###.####..#### ####
.......................##..###..#
...............)......###.##.##.
#...#..#.>####.####...##.##.##
.#.#...#?....# #.# ####.##)##.#
.............# #.# #...#...#
.#..#..#.....####.#####.#########
#..#..#..#.Ks.b<.......
#......†.....S.@.......
.........#############.
###########


You could see an adder, a giant cockroach, a bat and a kobold.


Message History

Drink which item? (? for menu, Esc to quit)
It was a potion of invisibility.
You fade into invisibility!
The bat hits you but does no damage. The bat closely misses you.
The adder closely misses you.
You are very lightly contaminated with residual magic.
Drink which item? (? for menu, Esc to quit)
It was a potion of degeneration.
There was something very wrong with that liquid.
You feel weakened.
You feel dopey.
You feel clumsy.
* * * LOW HITPOINT WARNING * * *
You feel sick. The bat hits you but does no damage.
The adder barely misses you. The adder closely misses you.
* * * LOW HITPOINT WARNING * * *
You feel sick. The bat barely misses you. The bat hits you but does no damage.
* * * LOW HITPOINT WARNING * * *
You feel sick. The bat closely misses you. The adder completely misses you.
The bat barely misses you.
You die...

Action                   || total
-------------------------++-------
Melee: Dagger            ||    55
       Bite              ||    11
       Short sword       ||    18
  Use: Scroll            ||     2
       Potion            ||     2
 Stab: Sleeping          ||    10
  Eat: Chunk             ||     1
Armor: Robe              ||    20
Dodge: Dodged            ||    42

Vault maps used:
D:1:      scummos_arrival_gate
D:2:      xom_butterflies, marbit_many_paths

Notes
Turn   | Place    | Note
--------------------------------------------------------------
     0 | D:1      | zeroDi the Vine Stalker Assassin began the quest for the Orb.
     0 | D:1      | Reached XP level 1. HP: 11/11 MP: 2/2
    58 | D:1      | Reached skill level 2 in Short Blades
    77 | D:1      | Reached XP level 2. HP: 4/15 MP: 0/3
   613 | D:1      | Reached skill level 3 in Short Blades
   615 | D:1      | Reached XP level 3. HP: 14/18 MP: 4/4
  1089 | D:2      | Found a glowing silver altar of Zin.
  1149 | D:2      | HP: 1/18 [poisoned by an adder]
  1153 | D:2      | Succumbed to an adder's poison

Vanquished Creatures
  A dart slug (D:1)
  A giant gecko (D:2)
  5 bats (D:1)
  A giant cockroach (D:1)
  4 goblins
  5 hobgoblins
  5 jackals (D:1)
  3 giant newts
  3 kobolds
  5 rats (D:1)
33 creatures vanquished.
